 Dungeon Crawl Stone Soup version 0.25-a0-290-g4a1327ee3a (webtiles) character file.

Game seed: 2021653684065477507, levelgen mode: deterministic

56 MisterFreud the Skirmisher (level 3, -4/37 HPs)
             Began as a Hill Orc Abyssal Knight on Dec 13, 2019.
             Was a Believer of Lugonu.
             Slain by a gnoll
             ... wielding a +0 spear
              (8 damage)
             ... on level 3 of the Dungeon.
             The game lasted 00:03:47 (2205 turns).

MisterFreud the Skirmisher (HOAK)                   Turns: 2205, Time: 00:03:48

Health: -4/37      AC:  3    Str: 15    XL:     3   Next: 97%
Magic:  4/4        EV: 11    Int: 12    God:    Lugonu [**....]
Gold:   84         SH:  0    Dex: 10    Spells: 2/2 levels left

rFire    . . .     SeeInvis .   a - +1 hand axe
rCold    . . .     Gourm    .   (no shield)
rNeg     . . .     Faith    .   b - +0 leather armour
rPois    .         Spirit   .   (no helmet)
rElec    .         Reflect  .   (no cloak)
rCorr    .         Harm     .   (no gloves)
MR       .....                  (no boots)
Stlth    +.........             k - amulet of rage
HPRegen  0.12/turn              (no ring)
MPRegen  0.09/turn              (no ring)

@: no status effects
A: no striking features
a: Depart the Abyss, Bend Space, Renounce Religion, Evoke Berserk Rage


You were on level 3 of the Dungeon.
You worshipped Lugonu.
Lugonu was pleased with you.
You were not hungry.

You visited 1 branch of the dungeon, and saw 4 of its levels.
You visited the Abyss 1 time.

You collected 84 gold pieces.

Inventory:

Hand Weapons
 a - a +1 hand axe (weapon)
Missiles
 e - 16 arrows
 h - 81 stones (quivered)
 n - 20 sling bullets
Armour
 b - a +0 leather armour (worn)
Jewellery
 k - an amulet of rage (around neck)
Scrolls
 f - 4 scrolls of identify {unknown}
 g - a scroll of amnesia {unknown}
 i - a scroll of noise {unknown}
Potions
 d - a potion of flight {unknown}
 j - a potion of resistance {unknown}
 l - 2 potions of lignification {unknown}
 m - a potion of curing {unknown}
Comestibles
 c - 6 rations


   Skills:
 * Level 5.7 Fighting
 - Level 2.6 Axes
 - Level 2.1 Armour
 - Level 0.7 Dodging
 - Level 2.4 Invocations


You had 2 spell levels left.
You didn't know any spells.
Your spell library was empty.

Dungeon Overview and Level Annotations

Branches:
Dungeon (4/15)
 Temple: D:4-7

Altars:

Annotations:
D:2 Terence


Message History

You hit the goblin.
You kill the goblin!
Lugonu accepts your kill.
You hit the gnoll.
You aren't carrying any items that you can evoke.
Unknown command.
A gnoll comes into view. It is wielding a +0 spear.
The gnoll throws a throwing net.
The throwing net hits you.
You become entangled in the net!
You see here a throwing net.
You struggle against the net.
You struggle against the net.
The gnoll hits you but does no damage.
The gnoll hits you from afar with a +0 spear.
You struggle against the net.
The gnoll hits you from afar with a +0 spear.
The gnoll hits you with a +0 club!
* * * LOW HITPOINT WARNING * * *
You rip the net and break free!
The gnoll hits you from afar with a +0 spear!
You die...

#############
#...g.......#
#.#########.# #g##<#
#.#
.#.#.###g##.######g#
.......@.g.>.......#
.#.......##.#####..#
###......#...g.#..#
######.#####g#..#
......gg%..#..#
...#.#######..# ..
...# . ..##


You could see 3 gnolls.

Vanquished Creatures
  A gnoll (D:3)
  3 dart slugs (D:1)
  3 leopard geckos
  5 bats (D:1)
  3 goblins
  3 hobgoblins
  7 jackals
  3 kobolds
  4 frilled lizards
  4 rats
36 creatures vanquished.

Notes
Turn   | Place    | Note
-------+----------+-------------------------------------------
     0 | Abyss:1  | MisterFreud the Hill Orc Abyssal Knight began the quest for
                  | the Orb.
     0 | Abyss:1  | Reached XP level 1. HP: 19/19 MP: 2/2
    10 | D:1      | Escaped the Abyss
    39 | D:1      | Reached skill level 4 in Fighting
   329 | D:1      | Reached XP level 2. HP: 27/28 MP: 3/3
  1224 | D:1      | Reached XP level 3. HP: 35/35 MP: 4/4
  1229 | D:1      | Reached skill level 5 in Fighting
  1230 | D:1      | Reached ** piety under Lugonu
  1640 | D:2      | Noticed Terence
  2205 | D:3      | Slain by a gnoll

Levels and vault maps discovered:
D:1:      psy_arrival_radial02, layout_basic
D:2:      layout_loops_corners, first_ration, serial_rivers,
          chequers_serial_rivers_large_a, chequers_serial_rivers_micro_a,
          chequers_serial_rivers_small_b, chequers_serial_rivers_room_b,
          chequers_serial_rivers_micro_e, uniq_robin, uniq_terence
D:3:      layout_basic, lemuel_doored_altar, eat_drink_and_be_merry_uskayaw,
          tso_metal_star
D:4:      layout_basic, tgw_trog, nicolae_qazlal_style_of_elements,
          old_standard_altar, minitemple, minmay_temple_entry_ruins,
          minmay_diced_spiral, uniq_sigmund

Skill      XL: |  1  2  3 |
---------------+----------+-----
Fighting       | 4 5 |  5.7
Axes           | |  2.6
Armour         | |  2.1
Dodging        | |  0.7
Invocations    | |  2.4

Action                   || total
-------------------------++-------
Melee: Hand axe          ||   125
Throw: Stone             ||     2
  Eat: Chunk             ||     4
Armor: Leather armour    ||    48
Dodge: Dodged            ||    83

Table legend:
 A = Non-vault XP
 B = Vault XP
 C = Vault XP percentage of total XP
 D = Non-vault monster count
 E = Vault monster count
 F = Vault count percentage of total count
                 A         B        C        D         E       F
            +---------+---------+-------+---------+---------+-------
      Total |      81 |       0 |   0.0 |      36 |       0 |   0.0
            +---------+---------+-------+---------+---------+-------
        D:1 |      43 |       0 |   0.0 |      23 |       0 |   0.0
        D:2 |       4 |       0 |   0.0 |       2 |       0 |   0.0
        D:3 |      30 |       0 |   0.0 |       9 |       0 |   0.0
        D:4 |       4 |       0 |   0.0 |       2 |       0 |   0.0
            +---------+---------+-------+---------+---------+-------
